Havana Tropicals vs Rock Island Raccoons
Created - Tuesday, July 11, 2023 at 06:50
Goals
|
| Havana Tropicals |
1 |
1 |
2 |
4 |
| Rock Island Raccoons |
0 |
1 |
1 |
2 |
|
Shots
|
| Havana Tropicals |
14 |
6 |
14 |
34 |
| Rock Island Raccoons |
10 |
8 |
9 |
27 |
|
1st period
1. Havana Tropicals , Samuel Blais 4 (Chris Tierney 6) at 7:37
Penalties :
Brian Boyle (RIR) for Hooking (Minor) at 0:35, Zach Whitecloud (HAV) for Tripping (Minor) at 16:13
2nd period
2. Havana Tropicals , Zach Aston-Reese 3 (Zach Whitecloud 4, Teddy Blueger 3) at 16:40 (PP)
3. Rock Island Raccoons , Sam Carrick 1 (Filip Chytil 4) at 19:58
Penalties :
Nolan Foote (HAV) for Interference (Minor) at 1:16, Sam Carrick (RIR) for Cross-checking (Minor) at 5:30, Ben Harpur (RIR) for Fighting (Major) at 7:48, Pavel Dorofeyev (HAV) for Fighting (Major) at 7:48, Timothy Liljegren (HAV) for Goalie Interference (Minor) at 13:19, Sam Carrick (RIR) for Tripping (Minor) at 16:00
3rd period
4. Havana Tropicals , Samuel Blais 5 (Chris Tierney 7) at 5:29 (PP)
5. Havana Tropicals , Teddy Blueger 7 (Zach Aston-Reese 5) at 5:45
6. Rock Island Raccoons , Andrew Ladd 2 (Brian Boyle 4) at 8:51
Penalties :
Andrew Ladd (RIR) for Hooking (Minor) at 5:19, Andrew Ladd (RIR) for Fighting (Major) at 19:29, Pavel Dorofeyev (HAV) for Fighting (Major) at 19:29
Goalie Stats
Eric Comrie (HAV), 25 saves from 27 shots - (0.926), W, 7-1-2, 60:00 minutes
Braden Holtby (RIR), 30 saves from 34 shots - (0.882), L, 5-5-0, 60:00 minutes
Players Stats for Havana Tropicals
Player Name G A P +/- PIM S H SB GA TA FO MP PP MP PK MP
------------------------------------------------------------------------------------
Alexander Nylander 0 0 0 0 0 2 1 0 0 0 0/0 9:07 0:00 0:00
Chris Tierney 0 2 2 1 0 0 2 1 3 1 5/9 18:30 1:47 2:58
Dean Kukan 0 0 0 -1 0 0 0 1 0 0 0/0 13:49 0:00 0:28
Dennis Cholowski 0 0 0 -1 0 3 0 0 0 0 0/0 16:50 0:00 2:29
Emil Bemstrom 0 0 0 -1 0 5 2 1 1 0 0/1 12:59 0:13 0:00
Henrik Borgstrom 0 0 0 0 0 3 0 1 0 0 2/4 9:56 0:13 0:09
Milan Lucic 0 0 0 1 0 1 2 0 1 0 0/0 18:30 1:47 2:58
Nolan Foote 0 0 0 0 2 1 0 0 1 0 1/1 10:06 0:00 0:00
Pavel Dorofeyev 0 0 0 -1 10 0 3 0 0 1 0/0 10:57 0:00 0:00
Philipp Kurashev 0 0 0 -1 0 3 1 0 0 0 4/14 12:59 0:13 0:00
Pierre-Edouard Bellemare 0 0 0 0 0 3 1 0 1 0 3/5 19:15 2:48 2:50
Robert Bortuzzo 0 0 0 2 0 3 1 1 0 3 0/0 25:22 2:33 2:43
Samuel Blais 2 0 2 1 0 3 4 0 0 0 0/0 14:21 1:47 0:00
Teddy Blueger 1 1 2 0 0 3 1 1 3 0 10/19 19:15 2:48 2:50
Timothy Liljegren 0 0 0 -1 2 0 3 3 1 1 0/0 19:54 2:15 1:52
Tucker Poolman 0 0 0 -1 0 0 0 1 0 0 0/0 20:49 2:15 2:46
Zach Aston-Reese 1 1 2 0 0 3 3 0 0 0 1/2 17:05 2:48 0:09
Zach Whitecloud 0 1 1 2 2 1 2 1 0 1 0/0 24:14 2:33 1:36
Players Stats for Rock Island Raccoons
Player Name G A P +/- PIM S H SB GA TA FO MP PP MP PK MP
------------------------------------------------------------------------------------
Alex Barre-Boulet 0 0 0 0 0 0 0 0 0 0 0/0 3:34 0:30 0:00
Andrew Ladd 1 0 1 1 7 2 2 1 1 1 1/2 20:21 2:33 2:04
Andy Greene 0 0 0 1 0 1 3 1 1 1 0/0 25:27 3:11 2:12
Ben Harpur 0 0 0 -1 5 1 0 0 0 1 0/0 11:43 0:00 0:00
Brian Boyle 0 1 1 1 2 1 2 0 2 0 6/12 18:08 2:47 0:00
Carl Hagelin 0 0 0 -2 0 3 1 1 0 0 1/3 23:33 3:01 2:31
Damien Giroux 0 0 0 0 0 0 0 0 0 0 0/0 1:41 0:09 0:00
Dryden Hunt 0 0 0 -1 0 0 0 0 0 0 0/1 4:37 0:00 0:00
Filip Chytil 0 1 1 1 0 4 2 0 2 1 1/1 14:06 0:00 0:13
Greg McKegg 0 0 0 1 0 1 3 0 0 0 0/0 17:50 2:47 0:00
Gustav Lindstrom 0 0 0 0 0 1 1 1 0 0 0/0 21:38 2:41 2:36
Jake Walman 0 0 0 -1 0 1 2 0 0 0 0/0 13:21 0:07 0:00
Logan Stanley 0 0 0 0 0 1 0 1 0 2 0/0 21:36 2:48 2:36
Luke Glendening 0 0 0 -1 0 2 1 0 0 0 1/2 19:59 3:01 2:04
Mathieu Perreault 0 0 0 -1 0 4 1 1 1 1 10/21 20:35 3:01 2:31
Nate Thompson 0 0 0 1 0 2 3 0 0 1 5/7 14:36 0:00 0:13
Ryan Lindgren 0 0 0 1 0 2 3 1 0 3 0/0 25:16 3:09 2:12
Sam Carrick 1 0 1 0 4 1 4 0 0 0 4/6 17:05 0:00 0:00
3 Stars
1 - Samuel Blais (HAV)
2 - Zach Aston-Reese (HAV)
3 - Teddy Blueger (HAV)
Power Play
Havana Tropicals - 2 on 4 Attempt(s) - 50.00%
Rock Island Raccoons - 0 on 3 Attempt(s) - 0.00%
Penalty Kill
Havana Tropicals - 3 on 3 Attempt(s) - 100.00%
- Score 0 goal in Penalty Kill
Rock Island Raccoons - 2 on 4 Attempt(s) - 50.00%
- Score 0 goal in Penalty Kill
Team Stat
Havana Tropicals - Hits : 26 - Faceoff Wins : 26 - Blocked Shots : 11 - Penalty Minutes : 16
Rock Island Raccoons - Hits : 28 - Faceoff Wins : 29 - Blocked Shots : 7 - Penalty Minutes : 18
Official
Referees : Kyle Rehman and Ian Walsh
Linesman : Brandon Gawryletz and Greg Devorski
Game Notes
Ben Harpur and Pavel Dorofeyev fight to a draw at 7:48 of 2nd period
Andrew Ladd and Pavel Dorofeyev fight to a draw at 19:29 of 3rd period
Havana Tropicals
5 vs 5 Forward
Center Left Wing Right Wing Time % Phy DF OF
1 Teddy Blueger Pierre-Edouard Bellemare Zach Aston-Reese 30 1 2 2
2 Chris Tierney Milan Lucic Samuel Blais 30 1 2 2
3 Philipp Kurashev Emil Bemstrom Pavel Dorofeyev 25 1 2 2
4 Henrik Borgstrom Nolan Foote Alexander Nylander 15 1 2 2
5 vs 5 Defense
Defense Defense Time % Phy DF OF
1 Zach Whitecloud Robert Bortuzzo 30 1 2 2
2 Tucker Poolman Timothy Liljegren 30 1 2 2
3 Dean Kukan Dennis Cholowski 25 1 2 2
4 Zach Whitecloud Robert Bortuzzo 15 1 2 2
PowerPlay Forward
Center Left Wing Right Wing Time % Phy DF OF
1 Teddy Blueger Pierre-Edouard Bellemare Zach Aston-Reese 50 1 2 2
2 Chris Tierney Milan Lucic Samuel Blais 50 1 2 2
PowerPlay Defense
Defense Defense Time % Phy DF OF
1 Zach Whitecloud Robert Bortuzzo 50 1 2 2
2 Tucker Poolman Timothy Liljegren 50 1 2 2
Penalty Kill 4 Players Forward
Center Wing Time % Phy DF OF
1 Teddy Blueger Pierre-Edouard Bellemare 50 1 2 2
2 Chris Tierney Milan Lucic 50 1 2 2
Penalty Kill 4 Players Defense
Defense Defense Time % Phy DF OF
1 Zach Whitecloud Robert Bortuzzo 50 1 2 2
2 Tucker Poolman Timothy Liljegren 50 1 2 2
Penalty Kill - 3 Players Forward
Forward Time % Phy DF OF
1 Teddy Blueger 50 1 2 2
2 Pierre-Edouard Bellemare 50 1 2 2
Penalty Kill - 3 Players Defense
Defense Defense Time % Phy DF OF
1 Zach Whitecloud Robert Bortuzzo 50 1 2 2
2 Tucker Poolman Timothy Liljegren 50 1 2 2
4 vs 4 Forward
Center Wing Time % Phy DF OF
1 Teddy Blueger Pierre-Edouard Bellemare 50 1 2 2
2 Chris Tierney Milan Lucic 50 1 2 2
4 vs 4 Defense
Defense Defense Time % Phy DF OF
1 Zach Whitecloud Robert Bortuzzo 50 1 2 2
2 Tucker Poolman Timothy Liljegren 50 1 2 2
Last Minutes Offensive
Center Left Wing Right Wing Defense Defense
Teddy Blueger Pierre-Edouard Bellemare Zach Aston-Reese Zach Whitecloud Robert Bortuzzo
Last Minutes Defensive
Center Left Wing Right Wing Defense Defense
Teddy Blueger Pierre-Edouard Bellemare Zach Aston-Reese Zach Whitecloud Robert Bortuzzo
Goaltenders
Starting : Eric Comrie
Backup : Arvid Soderblom
Extra Forwards
Normal : Philipp Kurashev, Emil Bemstrom, Nolan Foote - PP : Philipp Kurashev, Emil Bemstrom - PK : Nolan Foote
Extra Defensemen
Normal : Dean Kukan, Dennis Cholowski, Tucker Poolman - PP : Dean Kukan - PK : Dennis Cholowski, Tucker Poolman
Penalty Shots
Teddy Blueger, Pierre-Edouard Bellemare, Chris Tierney, Milan Lucic, Zach Aston-Reese
Rock Island Raccoons
5 vs 5 Forward
Center Left Wing Right Wing Time % Phy DF OF
1 Mathieu Perreault Carl Hagelin Luke Glendening 30 1 2 2
2 Brian Boyle Andrew Ladd Greg McKegg 30 1 2 2
3 Nate Thompson Filip Chytil Sam Carrick 25 1 2 2
4 Sam Carrick Dryden Hunt Carl Hagelin 15 1 2 2
5 vs 5 Defense
Defense Defense Time % Phy DF OF
1 Andy Greene Ryan Lindgren 30 1 2 2
2 Logan Stanley Gustav Lindstrom 30 1 2 2
3 Jake Walman Ben Harpur 25 1 2 2
4 Andy Greene Ryan Lindgren 15 1 2 2
PowerPlay Forward
Center Left Wing Right Wing Time % Phy DF OF
1 Mathieu Perreault Carl Hagelin Luke Glendening 50 1 2 2
2 Brian Boyle Andrew Ladd Greg McKegg 50 1 2 2
PowerPlay Defense
Defense Defense Time % Phy DF OF
1 Andy Greene Ryan Lindgren 50 1 2 2
2 Logan Stanley Gustav Lindstrom 50 1 2 2
Penalty Kill 4 Players Forward
Center Wing Time % Phy DF OF
1 Carl Hagelin Mathieu Perreault 50 1 2 2
2 Luke Glendening Andrew Ladd 50 1 2 2
Penalty Kill 4 Players Defense
Defense Defense Time % Phy DF OF
1 Andy Greene Ryan Lindgren 50 1 2 2
2 Logan Stanley Gustav Lindstrom 50 1 2 2
Penalty Kill - 3 Players Forward
Forward Time % Phy DF OF
1 Carl Hagelin 50 1 2 2
2 Mathieu Perreault 50 1 2 2
Penalty Kill - 3 Players Defense
Defense Defense Time % Phy DF OF
1 Andy Greene Ryan Lindgren 50 1 2 2
2 Logan Stanley Gustav Lindstrom 50 1 2 2
4 vs 4 Forward
Center Wing Time % Phy DF OF
1 Carl Hagelin Mathieu Perreault 50 1 2 2
2 Luke Glendening Andrew Ladd 50 1 2 2
4 vs 4 Defense
Defense Defense Time % Phy DF OF
1 Andy Greene Ryan Lindgren 50 1 2 2
2 Logan Stanley Gustav Lindstrom 50 1 2 2
Last Minutes Offensive
Center Left Wing Right Wing Defense Defense
Mathieu Perreault Carl Hagelin Luke Glendening Andy Greene Ryan Lindgren
Last Minutes Defensive
Center Left Wing Right Wing Defense Defense
Mathieu Perreault Carl Hagelin Luke Glendening Andy Greene Ryan Lindgren
Goaltenders
Starting : Braden Holtby
Backup : Mikko Koskinen
Extra Forwards
Normal : Alex Barre-Boulet, Damien Giroux, Nate Thompson - PP : Alex Barre-Boulet, Damien Giroux - PK : Nate Thompson
Extra Defensemen
Normal : Jake Walman, Ben Harpur, Logan Stanley - PP : Jake Walman - PK : Ben Harpur, Logan Stanley
Penalty Shots
Carl Hagelin, Mathieu Perreault, Luke Glendening, Andrew Ladd, Brian Boyle
% Time on Ice - Havana Tropicals
Lines # - Real PCT - Wanted PCT - Time Play
Normal Forward
1 - 28% - 30% - 13:37
2 - 28% - 30% - 13:51
3 - 26% - 25% - 12:40
4 - 19% - 15% - 9:07
Normal Defense
1 - 29% - 30% - 14:27
2 - 33% - 30% - 16:13
3 - 26% - 25% - 12:56
4 - 11% - 15% - 5:39
PP Forward
1 - 58% - 50% - 2:48
2 - 42% - 50% - 2:00
PP Defense
1 - 53% - 50% - 2:33
2 - 47% - 50% - 2:15
PK Forward
1 - 48% - 50% - 2:50
2 - 52% - 50% - 3:07
PK Defense
1 - 46% - 50% - 2:43
2 - 54% - 50% - 3:14
PK3 Forward
1 - 0% - 50%
2 - 0% - 50%
PK3 Defense
1 - 0% - 50%
2 - 0% - 50%
44 Forward
1 - 0% - 50%
2 - 0% - 50%
44 Defense
1 - 0% - 50%
2 - 0% - 50%
Last Minute Offensive - 0:00
Last Minute Defensive - 0:00
Total
Forward - 60:00
Defense - 60:00
|
% Time on Ice - Rock Island Raccoons
Lines # - Real PCT - Wanted PCT - Time Play
Normal Forward
1 - 30% - 30% - 14:45
2 - 33% - 30% - 16:19
3 - 28% - 25% - 13:34
4 - 9% - 15% - 4:37
Normal Defense
1 - 29% - 30% - 14:07
2 - 32% - 30% - 15:44
3 - 29% - 25% - 14:12
4 - 11% - 15% - 5:12
PP Forward
1 - 51% - 50% - 3:01
2 - 49% - 50% - 2:56
PP Defense
1 - 53% - 50% - 3:09
2 - 47% - 50% - 2:48
PK Forward
1 - 52% - 50% - 2:31
2 - 48% - 50% - 2:17
PK Defense
1 - 46% - 50% - 2:12
2 - 54% - 50% - 2:36
PK3 Forward
1 - 0% - 50%
2 - 0% - 50%
PK3 Defense
1 - 0% - 50%
2 - 0% - 50%
44 Forward
1 - 0% - 50%
2 - 0% - 50%
44 Defense
1 - 0% - 50%
2 - 0% - 50%
Last Minute Offensive - 0:00
Last Minute Defensive - 0:00
Total
Forward - 60:00
Defense - 60:00
|
Play-by-Play
1st period
0:01 of 1st period - Mathieu Perreault wins face-off versus Teddy Blueger in neutral zone.
0:16 of 1st period - Wrist shot by Carl Hagelin.
0:16 of 1st period - Stopped by Eric Comrie without a rebound.
0:17 of 1st period - Chris Tierney wins face-off versus Brian Boyle in Havana Tropicals zone.
0:35 of 1st period - Minor Penalty to Brian Boyle for Hooking.
0:36 of 1st period - Teddy Blueger wins face-off versus Mathieu Perreault in Rock Island Raccoons zone.
1:19 of 1st period - Snap shot by Milan Lucic.
1:19 of 1st period - Deflect By Samuel Blais.
1:19 of 1st period - Stopped by Braden Holtby with a rebound.
2:30 of 1st period - Nate Thompson is hit by Timothy Liljegren and loses puck.
2:35 of 1st period - Penalty to Brian Boyle is over, Brian Boyle is back on ice.
2:37 of 1st period - Snap shot by Emil Bemstrom.
2:37 of 1st period - Shot Misses the Net.
2:49 of 1st period - Slapshot by Henrik Borgstrom.
2:49 of 1st period - Stopped by Braden Holtby with a rebound.
3:34 of 1st period - Icing by Pavel Dorofeyev.
3:35 of 1st period - Brian Boyle wins face-off versus Philipp Kurashev in Havana Tropicals zone.
4:15 of 1st period - Snap shot by Alexander Nylander.
4:15 of 1st period - Stopped by Braden Holtby without a rebound.
4:16 of 1st period - Henrik Borgstrom wins face-off versus Nate Thompson in Rock Island Raccoons zone.
5:05 of 1st period - Wrist shot by Philipp Kurashev.
5:05 of 1st period - Stopped by Braden Holtby with a rebound.
5:47 of 1st period - Wrist shot by Filip Chytil.
5:47 of 1st period - Stopped by Eric Comrie with a rebound.
6:05 of 1st period - Andrew Ladd is hit by Chris Tierney and loses puck.
6:49 of 1st period - Timothy Liljegren is hit by Ryan Lindgren.
7:28 of 1st period - Sam Carrick is hit by Samuel Blais and loses puck.
7:37 of 1st period - Snap shot by Samuel Blais.
7:37 of 1st period - Goal by Samuel Blais - Havana Tropicals : 1 - Rock Island Raccoons : 0.
7:38 of 1st period - Chris Tierney wins face-off versus Brian Boyle in neutral zone.
7:41 of 1st period - Ryan Lindgren is hit by Samuel Blais and loses puck.
8:26 of 1st period - Wrist shot by Filip Chytil.
8:26 of 1st period - Stopped by Eric Comrie without a rebound.
8:27 of 1st period - Nate Thompson wins face-off versus Philipp Kurashev in Havana Tropicals zone.
8:32 of 1st period - Wrist shot by Nate Thompson.
8:32 of 1st period - Deflect By Timothy Liljegren.
8:32 of 1st period - Stopped by Eric Comrie with a rebound.
8:52 of 1st period - Carl Hagelin is hit by Zach Aston-Reese and loses puck.
9:43 of 1st period - Snap shot by Chris Tierney.
9:43 of 1st period - Shot Misses the Net.
11:44 of 1st period - Dennis Cholowski is hit by Brian Boyle and loses puck.
11:59 of 1st period - Dean Kukan is hit by Filip Chytil and loses puck.
12:14 of 1st period - Luke Glendening is hit by Emil Bemstrom and loses puck.
12:45 of 1st period - Zach Whitecloud is hit by Andy Greene and loses puck.
13:59 of 1st period - Icing by Tucker Poolman.
14:00 of 1st period - Mathieu Perreault wins face-off versus Henrik Borgstrom in Havana Tropicals zone.
14:05 of 1st period - Wrist shot by Luke Glendening.
14:05 of 1st period - Shot Misses the Net.
14:32 of 1st period - Wrist shot by Greg McKegg.
14:32 of 1st period - Stopped by Eric Comrie with a rebound.
14:50 of 1st period - Gustav Lindstrom is hit by Pierre-Edouard Bellemare and loses puck.
15:08 of 1st period - Icing by Logan Stanley.
15:09 of 1st period - Philipp Kurashev wins face-off versus Nate Thompson in Rock Island Raccoons zone.
15:16 of 1st period - Wrist shot by Samuel Blais.
15:16 of 1st period - Shot Misses the Net.
15:18 of 1st period - Slapshot by Robert Bortuzzo.
15:18 of 1st period - Stopped by Braden Holtby with a rebound.
15:20 of 1st period - Slapshot by Robert Bortuzzo.
15:20 of 1st period - Stopped by Braden Holtby with a rebound.
15:34 of 1st period - Snap shot by Emil Bemstrom.
15:34 of 1st period - Stopped by Braden Holtby without a rebound.
15:35 of 1st period - Philipp Kurashev wins face-off versus Mathieu Perreault in Rock Island Raccoons zone.
15:36 of 1st period - Wrist shot by Emil Bemstrom.
15:36 of 1st period - Stopped by Braden Holtby without a rebound.
15:37 of 1st period - Philipp Kurashev wins face-off versus Mathieu Perreault in Rock Island Raccoons zone.
15:45 of 1st period - Icing by Luke Glendening.
15:46 of 1st period - Pierre-Edouard Bellemare wins face-off versus Mathieu Perreault in Rock Island Raccoons zone.
15:47 of 1st period - Snap shot by Zach Aston-Reese.
15:47 of 1st period - Stopped by Braden Holtby with a rebound.
15:53 of 1st period - Wrist shot by Teddy Blueger.
15:53 of 1st period - Shot Misses the Net.
15:55 of 1st period - Snap shot by Zach Whitecloud.
15:55 of 1st period - Stopped by Braden Holtby with a rebound.
15:57 of 1st period - Wrist shot by Teddy Blueger.
15:57 of 1st period - Shot Misses the Net.
15:59 of 1st period - Slapshot by Zach Whitecloud.
15:59 of 1st period - Shot Misses the Net.
16:01 of 1st period - Slapshot by Zach Whitecloud.
16:01 of 1st period - Deflect By Pierre-Edouard Bellemare.
16:01 of 1st period - Shot Blocked by Andy Greene.
16:01 of 1st period - Puck is out of play.
16:02 of 1st period - Brian Boyle wins face-off versus Chris Tierney in Rock Island Raccoons zone.
16:02 of 1st period - Brian Boyle is hit by Samuel Blais.
16:13 of 1st period - Minor Penalty to Zach Whitecloud for Tripping.
16:14 of 1st period - Mathieu Perreault wins face-off versus Pierre-Edouard Bellemare in Havana Tropicals zone.
16:48 of 1st period - Snap shot by Brian Boyle.
16:48 of 1st period - Stopped by Eric Comrie without a rebound.
16:49 of 1st period - Mathieu Perreault wins face-off versus Teddy Blueger in Havana Tropicals zone.
17:00 of 1st period - Snap shot by Luke Glendening.
17:00 of 1st period - Deflect By Tucker Poolman.
17:00 of 1st period - Stopped by Eric Comrie with a rebound.
17:02 of 1st period - Snap shot by Mathieu Perreault.
17:02 of 1st period - Stopped by Eric Comrie with a rebound.
17:04 of 1st period - Snap shot by Carl Hagelin.
17:04 of 1st period - Shot Blocked by Timothy Liljegren.
17:16 of 1st period - Tucker Poolman is hit by Andrew Ladd and loses puck.
18:13 of 1st period - Penalty to Zach Whitecloud is over, Zach Whitecloud is back on ice.
18:19 of 1st period - Chris Tierney is hit by Andy Greene and loses puck.
18:28 of 1st period - Slapshot by Nate Thompson.
18:28 of 1st period - Shot Misses the Net.
18:30 of 1st period - Slapshot by Ben Harpur.
18:30 of 1st period - Stopped by Eric Comrie without a rebound.
18:31 of 1st period - Nate Thompson wins face-off versus Philipp Kurashev in Havana Tropicals zone.
18:32 of 1st period - Snap shot by Filip Chytil.
18:32 of 1st period - Stopped by Eric Comrie with a rebound.
18:54 of 1st period - Backhand shot by Brian Boyle.
18:54 of 1st period - Shot Misses the Net.
18:56 of 1st period - Wrist shot by Ben Harpur.
18:56 of 1st period - Shot Blocked by Henrik Borgstrom.
19:00 of 1st period - Snap shot by Brian Boyle.
19:00 of 1st period - Shot Blocked by Timothy Liljegren.
19:16 of 1st period - Wrist shot by Pierre-Edouard Bellemare.
19:16 of 1st period - Shot Blocked by Carl Hagelin.
19:18 of 1st period - Wrist shot by Zach Aston-Reese.
19:18 of 1st period - Stopped by Braden Holtby without a rebound.
19:19 of 1st period - Sam Carrick wins face-off versus Philipp Kurashev in Rock Island Raccoons zone.
19:26 of 1st period - Wrist shot by Emil Bemstrom.
19:26 of 1st period - Shot Misses the Net.
19:33 of 1st period - Off-side.
19:34 of 1st period - Teddy Blueger wins face-off versus Brian Boyle in neutral zone.
19:37 of 1st period - Snap shot by Pierre-Edouard Bellemare.
19:37 of 1st period - Stopped by Braden Holtby with a rebound.
19:41 of 1st period - Snap shot by Pierre-Edouard Bellemare.
19:41 of 1st period - Shot Misses the Net.
19:43 of 1st period - Slapshot by Dennis Cholowski.
19:43 of 1st period - Stopped by Braden Holtby with a rebound.
Goals for this period are 1 for Havana Tropicals vs 0 for Rock Island Raccoons.
Shots for this period are 14 for Havana Tropicals vs 10 for Rock Island Raccoons.
2nd period
0:01 of 2nd period - Chris Tierney wins face-off versus Mathieu Perreault in neutral zone.
0:08 of 2nd period - Slapshot by Carl Hagelin.
0:08 of 2nd period - Shot Misses the Net.
0:10 of 2nd period - Slapshot by Ryan Lindgren.
0:10 of 2nd period - Stopped by Eric Comrie with a rebound.
0:16 of 2nd period - Wrist shot by Mathieu Perreault.
0:16 of 2nd period - Deflect By Luke Glendening.
0:16 of 2nd period - Stopped by Eric Comrie with a rebound.
0:52 of 2nd period - Wrist shot by Sam Carrick.
0:52 of 2nd period - Shot Misses the Net.
0:54 of 2nd period - Slapshot by Sam Carrick.
0:54 of 2nd period - Shot Misses the Net.
1:08 of 2nd period - Wrist shot by Carl Hagelin.
1:08 of 2nd period - Stopped by Eric Comrie with a rebound.
1:16 of 2nd period - Minor Penalty to Nolan Foote for Interference.
1:17 of 2nd period - Teddy Blueger wins face-off versus Brian Boyle in Havana Tropicals zone.
1:42 of 2nd period - Chris Tierney is hit by Carl Hagelin and loses puck.
2:11 of 2nd period - Snap shot by Teddy Blueger.
2:11 of 2nd period - Stopped by Braden Holtby with a rebound.
2:13 of 2nd period - Slapshot by Timothy Liljegren.
2:13 of 2nd period - Shot Misses the Net.
3:16 of 2nd period - Penalty to Nolan Foote is over, Nolan Foote is back on ice.
3:17 of 2nd period - Dean Kukan is hit by Gustav Lindstrom and loses puck.
3:30 of 2nd period - Nate Thompson is hit by Emil Bemstrom.
3:38 of 2nd period - Snap shot by Emil Bemstrom.
3:38 of 2nd period - Stopped by Braden Holtby with a rebound.
3:40 of 2nd period - Wrist shot by Philipp Kurashev.
3:40 of 2nd period - Stopped by Braden Holtby without a rebound.
3:41 of 2nd period - Sam Carrick wins face-off versus Henrik Borgstrom in Rock Island Raccoons zone.
4:14 of 2nd period - Slapshot by Greg McKegg.
4:14 of 2nd period - Shot Misses the Net.
4:16 of 2nd period - Slapshot by Jake Walman.
4:16 of 2nd period - Shot Blocked by Timothy Liljegren.
5:30 of 2nd period - Minor Penalty to Sam Carrick for Cross-checking.
5:31 of 2nd period - Teddy Blueger wins face-off versus Carl Hagelin in Rock Island Raccoons zone.
5:34 of 2nd period - Slapshot by Zach Aston-Reese.
5:34 of 2nd period - Shot Misses the Net.
5:41 of 2nd period - Icing by Teddy Blueger.
5:42 of 2nd period - Teddy Blueger wins face-off versus Luke Glendening in Havana Tropicals zone.
6:02 of 2nd period - Backhand shot by Teddy Blueger.
6:02 of 2nd period - Deflect By Pierre-Edouard Bellemare.
6:02 of 2nd period - Shot Misses the Net.
6:02 of 2nd period - Puck is out of play.
6:03 of 2nd period - Carl Hagelin wins face-off versus Chris Tierney in Rock Island Raccoons zone.
6:41 of 2nd period - Pierre-Edouard Bellemare is hit by Luke Glendening and loses puck.
7:30 of 2nd period - Penalty to Sam Carrick is over, Sam Carrick is back on ice.
7:38 of 2nd period - Snap shot by Sam Carrick.
7:38 of 2nd period - Deflect By Andrew Ladd.
7:38 of 2nd period - Shot Misses the Net.
7:38 of 2nd period - Puck is out of play.
7:39 of 2nd period - Nate Thompson wins face-off versus Philipp Kurashev in Havana Tropicals zone.
7:46 of 2nd period - Pavel Dorofeyev is hit by Filip Chytil and loses puck.
7:48 of 2nd period - Ben Harpur and Pavel Dorofeyev fight to a draw.
7:48 of 2nd period - Penalty to Ben Harpur for Fighting.
7:48 of 2nd period - Penalty to Pavel Dorofeyev for Fighting.
7:49 of 2nd period - Mathieu Perreault wins face-off versus Chris Tierney in Havana Tropicals zone.
7:50 of 2nd period - Slapshot by Carl Hagelin.
7:50 of 2nd period - Stopped by Eric Comrie without a rebound.
7:51 of 2nd period - Chris Tierney wins face-off versus Mathieu Perreault in Havana Tropicals zone.
8:26 of 2nd period - Greg McKegg is hit by Teddy Blueger.
9:13 of 2nd period - Ryan Lindgren is hit by Zach Aston-Reese and loses puck.
9:30 of 2nd period - Snap shot by Andrew Ladd.
9:30 of 2nd period - Shot Misses the Net.
11:25 of 2nd period - Filip Chytil is hit by Alexander Nylander and loses puck.
11:42 of 2nd period - Snap shot by Chris Tierney.
11:42 of 2nd period - Shot Blocked by Ryan Lindgren.
12:00 of 2nd period - Dennis Cholowski is hit by Jake Walman and loses puck.
12:54 of 2nd period - Timothy Liljegren is hit by Nate Thompson and loses puck.
13:07 of 2nd period - Gustav Lindstrom is hit by Philipp Kurashev and loses puck.
13:19 of 2nd period - Minor Penalty to Timothy Liljegren for Goalie Interference.
13:20 of 2nd period - Mathieu Perreault wins face-off versus Teddy Blueger in Havana Tropicals zone.
13:45 of 2nd period - Teddy Blueger is hit by Greg McKegg and loses puck.
14:42 of 2nd period - Teddy Blueger is hit by Ryan Lindgren and loses puck.
15:19 of 2nd period - Penalty to Timothy Liljegren is over, Timothy Liljegren is back on ice.
15:25 of 2nd period - Milan Lucic is hit by Nate Thompson.
15:39 of 2nd period - Backhand shot by Timothy Liljegren.
15:39 of 2nd period - Shot Misses the Net.
15:41 of 2nd period - Backhand shot by Timothy Liljegren.
15:41 of 2nd period - Shot Misses the Net.
16:00 of 2nd period - Minor Penalty to Sam Carrick for Tripping.
16:01 of 2nd period - Luke Glendening wins face-off versus Pierre-Edouard Bellemare in Rock Island Raccoons zone.
16:34 of 2nd period - Slapshot by Pierre-Edouard Bellemare.
16:34 of 2nd period - Stopped by Braden Holtby with a rebound.
16:36 of 2nd period - Snap shot by Teddy Blueger.
16:36 of 2nd period - Shot Misses the Net.
16:38 of 2nd period - Slapshot by Zach Whitecloud.
16:38 of 2nd period - Shot Blocked by Mathieu Perreault.
16:40 of 2nd period - Slapshot by Zach Aston-Reese.
16:40 of 2nd period - Goal by Zach Aston-Reese - Havana Tropicals : 2 - Rock Island Raccoons : 0.
16:41 of 2nd period - Mathieu Perreault wins face-off versus Philipp Kurashev in neutral zone.
16:44 of 2nd period - Wrist shot by Luke Glendening.
16:44 of 2nd period - Shot Blocked by Dean Kukan.
16:46 of 2nd period - Slapshot by Ryan Lindgren.
16:46 of 2nd period - Deflect By Emil Bemstrom.
16:46 of 2nd period - Stopped by Eric Comrie with a rebound.
16:48 of 2nd period - Slapshot by Andy Greene.
16:48 of 2nd period - Shot Blocked by Emil Bemstrom.
16:50 of 2nd period - Wrist shot by Mathieu Perreault.
16:50 of 2nd period - Stopped by Eric Comrie with a rebound.
16:52 of 2nd period - Backhand shot by Ryan Lindgren.
16:52 of 2nd period - Shot Misses the Net.
16:54 of 2nd period - Snap shot by Luke Glendening.
16:54 of 2nd period - Shot Misses the Net.
17:06 of 2nd period - Samuel Blais is hit by Ryan Lindgren and loses puck.
17:29 of 2nd period - Snap shot by Teddy Blueger.
17:29 of 2nd period - Stopped by Braden Holtby with a rebound.
17:31 of 2nd period - Snap shot by Pierre-Edouard Bellemare.
17:31 of 2nd period - Shot Misses the Net.
17:33 of 2nd period - Wrist shot by Teddy Blueger.
17:33 of 2nd period - Shot Misses the Net.
18:07 of 2nd period - Snap shot by Emil Bemstrom.
18:07 of 2nd period - Shot Misses the Net.
18:09 of 2nd period - Snap shot by Timothy Liljegren.
18:09 of 2nd period - Shot Blocked by Gustav Lindstrom.
18:11 of 2nd period - Wrist shot by Emil Bemstrom.
18:11 of 2nd period - Deflect By Philipp Kurashev.
18:11 of 2nd period - Shot Blocked by Logan Stanley.
18:11 of 2nd period - Puck is out of play.
18:12 of 2nd period - Brian Boyle wins face-off versus Philipp Kurashev in Rock Island Raccoons zone.
18:39 of 2nd period - Zach Aston-Reese is hit by Sam Carrick.
18:57 of 2nd period - Snap shot by Timothy Liljegren.
18:57 of 2nd period - Deflect By Samuel Blais.
18:57 of 2nd period - Shot Misses the Net.
18:57 of 2nd period - Puck is out of play.
18:58 of 2nd period - Mathieu Perreault wins face-off versus Chris Tierney in Rock Island Raccoons zone.
19:05 of 2nd period - Snap shot by Chris Tierney.
19:05 of 2nd period - Shot Misses the Net.
19:07 of 2nd period - Slapshot by Robert Bortuzzo.
19:07 of 2nd period - Deflect By Milan Lucic.
19:07 of 2nd period - Shot Misses the Net.
19:07 of 2nd period - Puck is out of play.
19:08 of 2nd period - Pierre-Edouard Bellemare wins face-off versus Sam Carrick in Rock Island Raccoons zone.
19:35 of 2nd period - Zach Whitecloud is hit by Andrew Ladd and loses puck.
19:54 of 2nd period - Snap shot by Filip Chytil.
19:54 of 2nd period - Shot Misses the Net.
19:56 of 2nd period - Wrist shot by Nate Thompson.
19:56 of 2nd period - Stopped by Eric Comrie without a rebound.
19:57 of 2nd period - Filip Chytil wins face-off versus Emil Bemstrom in Havana Tropicals zone.
19:58 of 2nd period - Snap shot by Sam Carrick.
19:58 of 2nd period - Goal by Sam Carrick - Havana Tropicals : 2 - Rock Island Raccoons : 1.
19:59 of 2nd period - Teddy Blueger wins face-off versus Mathieu Perreault in neutral zone.
Goals for this period are 1 for Havana Tropicals vs 1 for Rock Island Raccoons.
Shots for this period are 6 for Havana Tropicals vs 8 for Rock Island Raccoons.
3rd period
0:01 of 3rd period - Mathieu Perreault wins face-off versus Teddy Blueger in neutral zone.
0:27 of 3rd period - Samuel Blais is hit by Nate Thompson and loses puck.
0:52 of 3rd period - Pavel Dorofeyev is hit by Brian Boyle and loses puck.
1:03 of 3rd period - Greg McKegg is hit by Pavel Dorofeyev and loses puck.
1:41 of 3rd period - Wrist shot by Filip Chytil.
1:41 of 3rd period - Shot Blocked by Teddy Blueger.
1:43 of 3rd period - Slapshot by Sam Carrick.
1:43 of 3rd period - Shot Misses the Net.
1:45 of 3rd period - Wrist shot by Filip Chytil.
1:45 of 3rd period - Shot Misses the Net.
1:47 of 3rd period - Wrist shot by Jake Walman.
1:47 of 3rd period - Stopped by Eric Comrie with a rebound.
2:31 of 3rd period - Snap shot by Samuel Blais.
2:31 of 3rd period - Shot Misses the Net.
2:45 of 3rd period - Dennis Cholowski is hit by Sam Carrick and loses puck.
2:53 of 3rd period - Icing by Dennis Cholowski.
2:54 of 3rd period - Zach Aston-Reese wins face-off versus Mathieu Perreault in Havana Tropicals zone.
3:15 of 3rd period - Snap shot by Andrew Ladd.
3:15 of 3rd period - Shot Blocked by Chris Tierney.
3:23 of 3rd period - Andrew Ladd is hit by Milan Lucic and loses puck.
3:38 of 3rd period - Pavel Dorofeyev is hit by Sam Carrick and loses puck.
4:11 of 3rd period - Logan Stanley is hit by Timothy Liljegren.
4:57 of 3rd period - Snap shot by Alexander Nylander.
4:57 of 3rd period - Stopped by Braden Holtby without a rebound.
4:58 of 3rd period - Henrik Borgstrom wins face-off versus Andrew Ladd in Rock Island Raccoons zone.
5:03 of 3rd period - Slapshot by Alexander Nylander.
5:03 of 3rd period - Shot Misses the Net.
5:05 of 3rd period - Wrist shot by Nolan Foote.
5:05 of 3rd period - Shot Misses the Net.
5:07 of 3rd period - Snap shot by Henrik Borgstrom.
5:07 of 3rd period - Stopped by Braden Holtby with a rebound.
5:09 of 3rd period - Snap shot by Alexander Nylander.
5:09 of 3rd period - Shot Misses the Net.
5:11 of 3rd period - Slapshot by Nolan Foote.
5:11 of 3rd period - Shot Misses the Net.
5:13 of 3rd period - Snap shot by Henrik Borgstrom.
5:13 of 3rd period - Shot Blocked by Andrew Ladd.
5:19 of 3rd period - Minor Penalty to Andrew Ladd for Hooking.
5:20 of 3rd period - Chris Tierney wins face-off versus Carl Hagelin in Rock Island Raccoons zone.
5:29 of 3rd period - Backhand shot by Samuel Blais.
5:29 of 3rd period - Goal by Samuel Blais - Havana Tropicals : 3 - Rock Island Raccoons : 1.
5:30 of 3rd period - Pierre-Edouard Bellemare wins face-off versus Dryden Hunt in neutral zone.
5:41 of 3rd period - Snap shot by Pierre-Edouard Bellemare.
5:41 of 3rd period - Deflect By Carl Hagelin.
5:41 of 3rd period - Stopped by Braden Holtby without a rebound.
5:42 of 3rd period - Teddy Blueger wins face-off versus Mathieu Perreault in Rock Island Raccoons zone.
5:45 of 3rd period - Snap shot by Teddy Blueger.
5:45 of 3rd period - Goal by Teddy Blueger - Havana Tropicals : 4 - Rock Island Raccoons : 1.
5:46 of 3rd period - Mathieu Perreault wins face-off versus Teddy Blueger in neutral zone.
5:59 of 3rd period - Wrist shot by Teddy Blueger.
5:59 of 3rd period - Shot Misses the Net.
6:01 of 3rd period - Snap shot by Robert Bortuzzo.
6:01 of 3rd period - Stopped by Braden Holtby with a rebound.
6:14 of 3rd period - Wrist shot by Dennis Cholowski.
6:14 of 3rd period - Stopped by Braden Holtby with a rebound.
6:16 of 3rd period - Slapshot by Dean Kukan.
6:16 of 3rd period - Deflect By Emil Bemstrom.
6:16 of 3rd period - Stopped by Braden Holtby without a rebound.
6:17 of 3rd period - Andrew Ladd wins face-off versus Philipp Kurashev in Rock Island Raccoons zone.
6:22 of 3rd period - Slapshot by Gustav Lindstrom.
6:22 of 3rd period - Stopped by Eric Comrie with a rebound.
6:32 of 3rd period - Snap shot by Emil Bemstrom.
6:32 of 3rd period - Stopped by Braden Holtby without a rebound.
6:33 of 3rd period - Sam Carrick wins face-off versus Teddy Blueger in Rock Island Raccoons zone.
6:33 of 3rd period - Sam Carrick is hit by Robert Bortuzzo.
7:16 of 3rd period - Dennis Cholowski is hit by Greg McKegg and loses puck.
7:23 of 3rd period - Slapshot by Andrew Ladd.
7:23 of 3rd period - Shot Misses the Net.
7:25 of 3rd period - Slapshot by Andy Greene.
7:25 of 3rd period - Stopped by Eric Comrie with a rebound.
7:27 of 3rd period - Slapshot by Andy Greene.
7:27 of 3rd period - Deflect By Andrew Ladd.
7:27 of 3rd period - Stopped by Eric Comrie with a rebound.
7:41 of 3rd period - Wrist shot by Brian Boyle.
7:41 of 3rd period - Deflect By Greg McKegg.
7:41 of 3rd period - Shot Misses the Net.
7:41 of 3rd period - Puck is out of play.
7:42 of 3rd period - Teddy Blueger wins face-off versus Mathieu Perreault in Havana Tropicals zone.
7:46 of 3rd period - Icing by Zach Whitecloud.
7:47 of 3rd period - Teddy Blueger wins face-off versus Mathieu Perreault in Havana Tropicals zone.
7:47 of 3rd period - Teddy Blueger is hit by Mathieu Perreault.
8:37 of 3rd period - Snap shot by Mathieu Perreault.
8:37 of 3rd period - Shot Misses the Net.
8:39 of 3rd period - Snap shot by Mathieu Perreault.
8:39 of 3rd period - Stopped by Eric Comrie with a rebound.
8:41 of 3rd period - Snap shot by Gustav Lindstrom.
8:41 of 3rd period - Shot Misses the Net.
8:43 of 3rd period - Snap shot by Luke Glendening.
8:43 of 3rd period - Deflect By Mathieu Perreault.
8:43 of 3rd period - Stopped by Eric Comrie with a rebound.
8:45 of 3rd period - Snap shot by Mathieu Perreault.
8:45 of 3rd period - Shot Blocked by Zach Whitecloud.
8:47 of 3rd period - Snap shot by Logan Stanley.
8:47 of 3rd period - Shot Blocked by Robert Bortuzzo.
8:49 of 3rd period - Snap shot by Logan Stanley.
8:49 of 3rd period - Stopped by Eric Comrie without a rebound.
8:50 of 3rd period - Brian Boyle wins face-off versus Teddy Blueger in Havana Tropicals zone.
8:51 of 3rd period - Snap shot by Andrew Ladd.
8:51 of 3rd period - Goal by Andrew Ladd - Havana Tropicals : 4 - Rock Island Raccoons : 2.
8:52 of 3rd period - Brian Boyle wins face-off versus Teddy Blueger in neutral zone.
9:03 of 3rd period - Backhand shot by Andrew Ladd.
9:03 of 3rd period - Shot Blocked by Tucker Poolman.
9:11 of 3rd period - Tucker Poolman is hit by Greg McKegg and loses puck.
9:28 of 3rd period - Slapshot by Sam Carrick.
9:28 of 3rd period - Shot Misses the Net.
9:32 of 3rd period - Snap shot by Filip Chytil.
9:32 of 3rd period - Shot Misses the Net.
10:10 of 3rd period - Off-side.
10:11 of 3rd period - Sam Carrick wins face-off versus Teddy Blueger in neutral zone.
10:14 of 3rd period - Robert Bortuzzo is hit by Sam Carrick and loses puck.
10:35 of 3rd period - Snap shot by Andrew Ladd.
10:35 of 3rd period - Shot Misses the Net.
10:41 of 3rd period - Backhand shot by Samuel Blais.
10:41 of 3rd period - Shot Misses the Net.
10:43 of 3rd period - Slapshot by Milan Lucic.
10:43 of 3rd period - Stopped by Braden Holtby with a rebound.
11:37 of 3rd period - Snap shot by Chris Tierney.
11:37 of 3rd period - Shot Misses the Net.
12:33 of 3rd period - Wrist shot by Nolan Foote.
12:33 of 3rd period - Stopped by Braden Holtby with a rebound.
12:51 of 3rd period - Nate Thompson is hit by Pavel Dorofeyev and loses puck.
13:00 of 3rd period - Wrist shot by Philipp Kurashev.
13:00 of 3rd period - Stopped by Braden Holtby without a rebound.
13:01 of 3rd period - Teddy Blueger wins face-off versus Brian Boyle in Rock Island Raccoons zone.
13:28 of 3rd period - Milan Lucic is hit by Andy Greene and loses puck.
13:41 of 3rd period - Snap shot by Filip Chytil.
13:41 of 3rd period - Shot Misses the Net.
14:00 of 3rd period - Gustav Lindstrom is hit by Zach Whitecloud and loses puck.
14:05 of 3rd period - Snap shot by Henrik Borgstrom.
14:05 of 3rd period - Stopped by Braden Holtby with a rebound.
15:41 of 3rd period - Ben Harpur is hit by Chris Tierney and loses puck.
15:54 of 3rd period - Jake Walman is hit by Timothy Liljegren.
16:13 of 3rd period - Mathieu Perreault is hit by Zach Whitecloud and loses puck.
16:26 of 3rd period - Andrew Ladd is hit by Pavel Dorofeyev and loses puck.
16:52 of 3rd period - Mathieu Perreault is hit by Milan Lucic and loses puck.
17:04 of 3rd period - Snap shot by Carl Hagelin.
17:04 of 3rd period - Deflect By Milan Lucic.
17:04 of 3rd period - Shot Misses the Net.
17:04 of 3rd period - Puck is out of play.
17:05 of 3rd period - Nate Thompson wins face-off versus Zach Aston-Reese in Havana Tropicals zone.
18:15 of 3rd period - Brian Boyle is hit by Samuel Blais.
18:23 of 3rd period - Robert Bortuzzo is hit by Jake Walman and loses puck.
18:37 of 3rd period - Icing by Logan Stanley.
18:38 of 3rd period - Nolan Foote wins face-off versus Brian Boyle in Rock Island Raccoons zone.
18:51 of 3rd period - Wrist shot by Dennis Cholowski.
18:51 of 3rd period - Deflect By Gustav Lindstrom.
18:51 of 3rd period - Stopped by Braden Holtby with a rebound.
18:53 of 3rd period - Slapshot by Pavel Dorofeyev.
18:53 of 3rd period - Deflect By Philipp Kurashev.
18:53 of 3rd period - Shot Misses the Net.
18:53 of 3rd period - Puck is out of play.
18:54 of 3rd period - Nate Thompson wins face-off versus Philipp Kurashev in Rock Island Raccoons zone.
19:19 of 3rd period - Nate Thompson is hit by Zach Aston-Reese and loses puck.
19:28 of 3rd period - Wrist shot by Filip Chytil.
19:28 of 3rd period - Stopped by Eric Comrie without a rebound.
19:29 of 3rd period - Brian Boyle wins face-off versus Philipp Kurashev in Havana Tropicals zone.
19:29 of 3rd period - Andrew Ladd and Pavel Dorofeyev fight to a draw.
19:29 of 3rd period - Penalty to Andrew Ladd for Fighting.
19:29 of 3rd period - Penalty to Pavel Dorofeyev for Fighting.
19:30 of 3rd period - Philipp Kurashev wins face-off versus Sam Carrick in Havana Tropicals zone.
Goals for this period are 2 for Havana Tropicals vs 1 for Rock Island Raccoons.
Shots for this period are 14 for Havana Tropicals vs 9 for Rock Island Raccoons.
Back to the Top